 Dungeon Crawl Stone Soup version 0.30-b1-2-g02819fbbbe (webtiles) character file.

Game seed: 9204923448252475449

5479 Medar the Zephyrmancer (level 10, -5/49 HPs)
             Began as a Vine Stalker Air Elementalist on May 18, 2023.
             Was a Priest of Vehumet.
             Slain by Pikel
             ... wielding a +2 whip of electrocution
              (17 damage)
             ... on level 9 of the Dungeon.
             The game lasted 00:38:42 (11327 turns).

Medar the Zephyrmancer (VSAE)                      Turns: 11327, Time: 00:38:43

Health: -5/49      AC:  7    Str: 11    XL:     10   Next: 69%
Magic:  0/18       EV: 10    Int: 19    God:    Vehumet [***...]
Gold:   200        SH:  0    Dex: 15    Spells: 1/19 levels left

rFire   . . .        C - +2 rapier (drain)
rCold   . . .        D - orb {light}
rNeg    . . .        a - +0 robe
rPois   .            n - +0 helmet
rElec   .            (no cloak)
rCorr   .            A - +2 pair of gloves
SInv    .            K - +0 pair of boots
Will    +....        (no amulet)
Stlth   +            d - ring of flight
HPRegen 1.08/turn    s - ring of wizardry
MPRegen 0.16/turn

%: guardian spirit, wizardry (x1)
@: grasped by roots, flying, slowed, glowing, constricted, studying Earth Magic,
very slow
A: fangs 3, regeneration 1, magic shield, antimagic bite, no potion heal 2
a: Renounce Religion


You were on level 9 of the Dungeon.
You worshipped Vehumet.
Vehumet was most pleased with you.
You visited 1 branch of the dungeon, and saw 9 of its levels.

You collected 462 gold pieces.
You spent 262 gold pieces at shops.

Inventory:

Hand Weapons
 e - a +0 rapier of speed
 o - a +0 short sword of draining
 x - a +0 dagger of speed
 C - a +2 rapier of draining (weapon)
 I - the +3 war axe "Jellyslayer" {flame, rPois}
   (You found it on level 7 of the Dungeon)

   rPois:     It protects you from poison.
Missiles
 E - 2 throwing nets
Armour
 a - a +0 robe (worn)
 n - a +0 helmet (worn)
 A - a +2 pair of gloves (worn)
 D - an orb of light (worn)
 K - a +0 pair of boots (worn)
Jewellery
 d - a ring of flight (left hand)
 s - a ring of wizardry (right hand)
Wands
 q - a wand of flame (12)
 H - a wand of acid (6)
 J - a wand of roots (15)
Scrolls
 c - 7 scrolls of noise
 f - a scroll of vulnerability
 g - a scroll of enchant armour
 j - 4 scrolls of butterflies {unknown}
 m - 4 scrolls of poison {unknown}
 v - 2 scrolls of teleportation
 y - a scroll of amnesia {unknown}
Potions
 b - 3 potions of magic
 i - 6 potions of curing {@q1}
 k - 5 potions of mutation
 l - a potion of invisibility
 p - 4 potions of heal wounds
 r - 3 potions of degeneration
 t - 2 potions of might
 u - 3 potions of lignification
 w - 2 potions of haste
 z - a potion of flight
 B - 2 potions of brilliance
 F - 2 potions of resistance
 G - a potion of cancellation {unknown}
Miscellaneous
 h - a phial of floods


   Skills:
 - Level 3.0 Fighting
 - Level 3.0 Dodging
 - Level 2.4 Stealth
 - Level 5.1 Spellcasting
 + Level 10.1 Conjurations
 - Level 2.0 Necromancy
 + Level 10.2 Air Magic


You had one spell level left.
You knew the following spells:

 Your Spells              Type           Power      Damage    Failure   Level
a - Shock                 Conj/Air       100%       1d9       1%          1
b - Static Discharge      Conj/Air       86%        2-6/arc   1%          2
c - Airstrike             Air            21%        2d(4-20)  1%          4
d - Magic Dart            Conj           100%       1d8       1%          1
e - Swiftness             Air            43%        N/A       1%          3
f - Kiss of Death         Conj/Necr      100%       2d13      1%          1
g - Momentum Strike       Conj/Tloc      48%        3d9       1%          2
h - Flame Wave            Conj/Fire      24%        2d8       1%          4

Your spell library contained the following spells:

 Spells                   Type           Power      Damage    Failure   Level
 Dazzling Flash           Conj/Hex       48%        N/A       1%          3
 Necrotise                Necr           48%        1d6       2%          1
 Beastly Appendage        Tmut           8%         N/A       4%          1
 Scorch                   Fire           8%         2d5       2%          2
 Vampiric Draining        Necr           12%        2d6       6%          3
 Wereblood                Tmut           4%         N/A       8%          2
 Confusing Touch          Hex            4%         N/A       16%         3
 Spider Form              Tmut/Pois      4%         N/A       16%         3
 Silence                  Hex/Air        12%        N/A       16%         5
 Animate Dead             Necr           12%        N/A       21%         4
 Dispel Undead            Necr           12%        3d9       21%         4
 Passage of Golubria      Tloc           4%         N/A       43%         4
 Summon Ice Beast         Ice/Summ       4%         N/A       43%         4
 Agony                    Necr           12%        N/A       50%         5
 Borgnjor's Vile Clutch   Necr/Erth      4%         N/A       63%         5
 Summon Mana Viper        Hex/Summ       4%         N/A       77%         5
 Death Channel            Necr           6%         N/A       96%         6
 Summon Cactus Giant      Summ           2%         N/A       99%         6
 Lehudib's Crystal Spear  Conj/Erth      12%        10d4      99%         8
 Monstrous Menagerie      Summ           2%         N/A       100%        7


Dungeon Overview and Level Annotations

Branches:
Dungeon (9/15)             Temple (0/1) D:6            Lair (0/5) D:9
    Orc: D:9-12

Altars:
Kikubaaqudgha
Makhleb
Uskayaw
Vehumet
Yredelemnul
Zin
The Shining One

Shops:
D:1 *   D:8 !

Annotations:
D:3 Grinder
D:4 Sigmund
D:9 Pikel


Innate Abilities, Weirdness & Mutations

You have razor-sharp teeth.
Your natural rate of healing is unusually fast.
When hurt, damage is shared between your health and your magic reserves.
Your bite disrupts and absorbs the magic of your enemies.
Potions cannot restore your health.


Message History

That felt strangely unrewarding. (Press . to intensify the flame waves.)
You hear a shout!
Pikel hits you with a +2 whip of electrocution.
The kobold brigand hits you but does no damage.
The kobold brigand hits you with a +4 short sword.
The kobold brigand misses you.
A kobold brigand comes into view.
It is wielding a +0 whip and quivering curare-tipped darts.
Pikel zaps a wand.
The roots erupt in riotous growth!
The grasping roots grab you!
The kobold brigand is unaffected. x2; Pikel is unaffected.
The kobold brigand is unaffected.
The grasping roots constrict you!
A kobold comes into view. It is wielding a +0 dagger.
The kobold brigand hits you but does no damage.
Your magical contamination has completely faded away.
Unknown command.
A wave of flame ripples out!
The flame wave engulfs the kobold brigand!
The kobold brigand is severely wounded.
The flame wave engulfs the kobold brigand!
The kobold brigand is severely wounded.
The flame wave engulfs Pikel!
Pikel is severely wounded.
The flame wave engulfs the kobold brigand.
You kill the kobold brigand!
Vehumet accepts your kill.
The flame wave engulfs the kobold!
You kill the kobold!
Vehumet accepts your kill.
The flame wave engulfs the kobold brigand!
The kobold brigand is severely wounded.
The flame wave engulfs the kobold!
You kill the kobold!
Vehumet accepts your kill.
You feel your power returning.
Pikel cracks his whip.
Pikel hits you with a +2 whip of electrocution.
* * * LOW HITPOINT WARNING * * *
You are electrocuted!!
You die...

# .#.........#.
K.........KK
#K.......K#
#######.K.......# ###
### #..†..#
K).).K..#... #..
##..##.## )K)...##.#
#.
##..###..###K))###..#
##..## ##...8@K.8...#
####..##
##...K)....## .#..<##
####.....## ....##
#####..## ##.##
##..## ### ##Y.##
############# ##..#
#...........## ##.##
##............## #..#
####


You could see a death yak, Pikel, 6 kobold brigands and 5 kobolds.

Vanquished Creatures
  A hornet (D:8)
  9 yaks
  2 basilisks (D:9)
  3 wyverns
  2 sky beasts (D:7)
  2 orc warriors
  2 ice beasts
  An ogre (D:6)
  A centaur (D:7)
  4 lemures (D:9)
  3 phantoms
  5 kobold brigands
  3 bullfrogs
  A gnoll sergeant (D:6)
  3 scorpions (D:5)
  7 wights
  4 howler monkeys
  A jelly (D:6)
  3 hounds
  7 orc priests
  5 iguanas
  A sleepcap (D:5)
  Jessica (D:2)
  Natasha (thrice) (D:2)
  12 orc wizards
  Robin (D:3)
  7 gnolls
  5 adders
  A white imp (D:4)
  2 worms (D:3)
  2 dart slugs
  25 orcs
  8 endoplasms
  A giant cockroach (D:2)
  6 goblins
  5 hobgoblins
  3 jackals (D:3)
  A quokka (D:3)
  2 ball pythons
  2 bats
  26 kobolds
  6 rats
189 creatures vanquished.

Vanquished Creatures (others)
  A human (D:6)
  23 plants (D:4)
24 creatures vanquished.

Grand Total: 213 creatures vanquished

Notes
Turn   | Place    | Note
-------+----------+-------------------------------------------
     0 | D:1      | Medar the Vine Stalker Air Elementalist began the quest for
                  | the Orb.
     0 | D:1      | Reached XP level 1. HP: 9/9 MP: 4/4
    30 | D:1      | Found Kenaewag's Assorted Antiques.
   543 | D:2      | Found a radiant altar of Vehumet.
   548 | D:2      | Became a worshipper of Vehumet
   594 | D:1      | Reached XP level 2. HP: 13/13 MP: 0/6
   605 | D:1      | Learned a level 2 spell: Static Discharge
   775 | D:2      | Found a faded altar of an unknown god.
   941 | D:2      | Noticed Jessica
   946 | D:2      | Killed Jessica
   947 | D:2      | Reached XP level 3. HP: 12/16 MP: 0/8
  1044 | D:2      | Noticed Natasha
  1050 | D:2      | Killed Natasha
  1051 | D:2      | Gained mutation: Your natural rate of healing is unusually
                  | fast. [Vine Stalker growth]
  1051 | D:2      | Reached XP level 4. HP: 4/21 MP: 0/9
  1133 | D:2      | Learned a level 3 spell: Swiftness
  1503 | D:2      | Noticed Natasha
  1510 | D:2      | Killed Natasha
  1649 | D:3      | Noticed Grinder
  1651 | D:3      | Paralysed by Grinder for 4 turns
  2355 | D:3      | Found Zin's Purification Station.
  2365 | D:3      | Found a glowing silver altar of Zin.
  2368 | D:3      | Bought a potion of curing for 90 gold pieces
  2574 | D:3      | Reached XP level 5. HP: 24/24 MP: 8/11
  2606 | D:3      | Noticed Robin
  2612 | D:3      | Killed Robin
  3097 | D:4      | Learned a level 4 spell: Airstrike
  3108 | D:4      | Reached XP level 6. HP: 27/28 MP: 5/13
  3518 | D:4      | Reached * piety under Vehumet
  3518 | D:4      | Offered knowledge of Magic Dart by Vehumet.
  3521 | D:4      | Learned a level 1 spell: Magic Dart
  4199 | D:4      | Noticed Sigmund
  4306 | D:2      | Noticed Natasha
  4314 | D:2      | Killed Natasha
  4359 | D:1      | Bought a peridot ring for 120 gold pieces
  4520 | D:5      | Entered Level 5 of the Dungeon
  4638 | D:5      | Reached XP level 7. HP: 32/32 MP: 8/15
  4926 | D:5      | Reached skill level 5 in Spellcasting
  4926 | D:5      | Reached skill level 5 in Air Magic
  5027 | D:5      | Reached skill level 5 in Conjurations
  5174 | D:5      | Gained mutation: You have razor-sharp teeth. [Vine Stalker
                  | growth]
  5174 | D:5      | Reached XP level 8. HP: 36/36 MP: 9/16
  5896 | D:6      | Found a hide-covered altar of Uskayaw.
  6555 | D:6      | Found a glowing golden altar of the Shining One.
  6818 | D:6      | Offered knowledge of Kiss of Death by Vehumet.
  6880 | D:6      | Found an ancient bone altar of Kikubaaqudgha.
  6938 | D:6      | Identified the +4 dagger of Mandamus {venom, Int-3 Dex+6
                  | SInv}
  6966 | D:6      | Reached XP level 9. HP: 29/39 MP: 4/17
  7186 | D:6      | Found a staircase to the Ecumenical Temple.
  7456 | D:6      | Found a burning altar of Makhleb.
  7608 | D:7      | Reached ** piety under Vehumet
  7826 | D:7      | Learned a level 1 spell: Kiss of Death
  7846 | D:7      | Identified the +3 war axe "Jellyslayer" {flame, rPois}
  8040 | D:7      | Found a basalt altar of Yredelemnul.
  8663 | D:7      | Reached skill level 1 in Fighting
  8663 | D:7      | Reached skill level 1 in Necromancy
  9316 | D:8      | Found Tubis's Distillery.
  9322 | D:8      | Bought a potion of brilliance for 52 gold pieces
  9334 | D:8      | Noticed a hornet
  9341 | D:8      | Killed a hornet
  9574 | D:7      | Offered knowledge of Momentum Strike by Vehumet.
  9575 | D:7      | Reached XP level 10. HP: 41/47 MP: 12/18
  9803 | D:8      | Learned a level 2 spell: Momentum Strike
  9953 | D:8      | Learned a level 4 spell: Flame Wave
 10395 | D:8      | Reached *** piety under Vehumet
 10530 | D:9      | Found a staircase to the Lair.
 10980 | D:9      | Noticed a death yak
 11113 | D:9      | Reached skill level 10 in Air Magic
 11116 | D:9      | Offered knowledge of Dazzling Flash by Vehumet.
 11117 | D:9      | Reached skill level 10 in Conjurations
 11317 | D:9      | Noticed Pikel
 11327 | D:9      | Slain by Pikel

Illustrated notes

Levels and vault maps discovered:
D:1:      eino_arrival_tree_alley, layout_rooms, serial_shops, shop
D:2:      layout_loops_corners, ebering_ecumenical_altar_petrified, basic_altar,
          uniq_natasha, uniq_jessica
D:3:      layout_basic, zin_purify, uniq_robin, uniq_grinder
D:4:      layout_loops_ring, serial_bayou_lagoon_b, uniq_sigmund
D:5:      layout_basic
D:6:      layout_loops_ring, tgw_kikubaaqudgha, pf_just_have_faith,
          mainiacjoe_overflow_small_starburst, makhleb_heckhound_becter,
          minmay_temple_entry_mini_moons, dk_vineyard_2
D:7:      layout_cave_pods, mainiacjoe_overflow_surrounded_room
D:8:      layout_basic, serial_shops, kennysheep_little_box, roderic_lattice_a
D:9:      wander_kiku_kobolds, layout_layer_cave, david_lair_generic, uniq_pikel

Skill      XL: |  1  2  3  4  5  6  7  8  9 10 |
---------------+-------------------------------+-----
Conjurations   | 2 3 4 5 7 8 10 | 10.1
Spellcasting   | 3 4 5 |  5.1
Air Magic      | 4 5 7 8 10 | 10.2
Fighting       | 2 3 |  3.0
Dodging        | 3 |  3.0
Necromancy     | 2 |  2.0
Stealth        | |  2.4

Action                     |  1- 3 |  4- 6 |  7- 9 | 10-12 || total
---------------------------+-------+-------+-------+-------++-------
  Melee: Rapier            |     2 |    14 |    57 |    33 ||   106
         Bite              |     1 |     3 |    22 |    16 ||    42
   Cast: Shock             |    27 |   129 |   141 |    28 ||   325
         Static Discharge  |     4 |    16 |    45 |    13 ||    78
         Magic Dart        |       |     2 |       |       ||     2
         Airstrike         |       |       |    23 |    15 ||    38
         Swiftness         |       |       |     1 |       ||     1
         Flame Wave        |       |       |       |     4 ||     4
         Kiss of Death     |       |       |       |     1 ||     1
         Momentum Strike   |       |       |       |     1 ||     1
    Use: Potion            |       |     1 |     1 |     1 ||     3
         Scroll            |       |     5 |     8 |       ||    13
 Armour: Robe              |       |    15 |    35 |    19 ||    69
         Skin              |       |       |     6 |       ||     6
  Dodge: Dodged            |     5 |    34 |    54 |    44 ||   137
